 Dungeon Crawl Stone Soup version 0.31.0-32-g396128a36d (webtiles) character file.

Game seed: 14527069616958049824

5642 KittyFluff the Grappler (level 10, 0/100 HPs)
             Began as a Troll Shapeshifter on Apr 2, 2024.
             Was a Believer of Trog.
             Slain by a fire elemental (1 damage)
             ... summoned by a deep elf pyromancer
             ... on level 9 of the Dungeon.
             The game lasted 00:32:31 (6293 turns).

KittyFluff the Grappler (Troll Shapeshifter)        Turns: 6293, Time: 00:32:31

Health: 0/100      AC:  8    Str: 26    XL:     10   Next: 46%
Magic:  9/9        EV: 12    Int:  6    God:    Trog [**....]
Gold:   605        SH:  0    Dex: 13    Spells: 9/9 levels left

rFire   . .          .
                       - Unarmed
rCold   . . .        (no shield)
rNeg    . . .        P - +0 robe "Pecal" {Dex+2}
rPois   +            (helmet currently unavailable)
rElec   .            (cloak currently unavailable)
rCorr   .            (gloves unavailable)
SInv    .            (boots unavailable)
Will    .....        (no amulet)
Stlth   +            e - +4 ring of protection
HPRegen 1.16/turn    I - ring of poison resistance
MPRegen 0.11/turn

%: no passive effects
@: on fire, beast-form, glowing
A: beast (slay +4), large, unfitting armour, claws 3, regeneration 1, shaggy fur
1, tough skin 1
a: Begin Untransformation, Renounce Religion, Berserk, Trog's Hand


You were on level 9 of the Dungeon.
You worshipped Trog.
Trog was pleased with you.
You were a hulking beast.
You visited 2 branches of the dungeon, and saw 10 of its levels.
You also visited: Bailey.

You collected 605 gold pieces.

Inventory:

Hand Weapons
 p - a +3 quarterstaff of chaos
 r - a +0 hammer of venom
 v - a +0 shortbow
 y - a +0 sling
 D - a +2 spear of venom
 K - the +1 trident of Origy {freeze, Fly}
   (You found it on level 6 of the Dungeon)

   Fly:       It grants you flight.
 M - a +4 trident of draining
Missiles
 l - 47 stones (quivered)
 s - 10 poisoned darts
 u - 15 boomerangs
 x - 4 datura-tipped darts
 A - 2 darts of dispersal
 C - 4 large rocks
Armour
 H - a +2 cloak
 N - an orb of guile
 P - the +0 robe "Pecal" (worn) {Dex+2}
   (You found it in a bailey)

   Dex+2:     It affects your dexterity (+2).
Jewellery
 e - a +4 ring of protection (left claw)
 I - a ring of poison resistance (right claw)
 J - a +6 ring of intelligence
Talismans
 c - a beast talisman
 d - a flux talisman
Wands
 E - a wand of light (7)
Scrolls
 h - a scroll of revelation
 i - 5 scrolls of teleportation
 j - a scroll of fog
 m - 3 scrolls of blinking {unknown}
 n - a scroll of immolation
 w - 2 scrolls of enchant weapon
 B - a scroll of vulnerability
 F - 2 scrolls of fear
 G - 4 scrolls of enchant armour
 L - a scroll of noise
 O - a scroll of acquirement
 R - a scroll of summoning
 S - 2 scrolls of brand weapon
Potions
 b - a potion of lignification
 f - a potion of enlightenment {unknown}
 g - a potion of ambrosia {unknown}
 k - a potion of curing {unknown}
 o - 2 potions of brilliance {unknown}
 q - a potion of attraction {unknown}
 t - 2 potions of heal wounds
 z - a potion of might {unknown}
 Q - a potion of magic {unknown}
 T - a potion of degeneration {unknown}


   Skills:
 + Level 6.5 Fighting
 + Level 6.8 Dodging
 + Level 8.5 Unarmed Combat
 + Level 7.8 Shapeshifting


You had 9 spell levels left.
You didn't know any spells.
Your spell library contained the following spells:

 Spells                   Type           Power      Damage    Failure   Level
 Call Imp                 Summ           0%         N/A       58%         2
 Sublimation of Blood     Necr           0%         N/A       58%         2
 Tukima's Dance           Hex            0%         N/A       83%         3
 Dimensional Bullseye     Hex/Tloc       0%         N/A       99%         4
 Iskenderun's Mystic Bla  Conj/Tloc      0%         2d3       99%         4
 Vhi's Electric Charge    Tloc/Air       0%         N/A       99%         4
 Arcjolt                  Conj/Air       0%         1d10      100%        5
 Summon Hydra             Summ           0%         N/A       100%        7
 Maxwell's Capacitive Co  Air            0%         ∞         100%        8


Dungeon Overview and Level Annotations

Branches:
Dungeon (9/15)             Temple (1/1) D:6          Bailey (visited)
   Lair: D:8-11         Orc: D:9-12

Altars:
Ashenzari
Cheibriados
Dithmenos
Elyvilon
Fedhas
Gozag
Hepliaklqana
Kikubaaqudgha
Makhleb
Nemelex Xobeh
Okawaru
Qazlal
Ru
Sif Muna
Trog
Vehumet
Wu Jian
Xom
Yredelemnul
Zin
The Shining One

Shops:
D:3 (   D:7 :   D:9 :

Annotations:
D:4 2 transporters


Innate Abilities, Weirdness & Mutations

You are a hulking beast.
Your limbs bulge with bestial killing power. (Slay +4)
You are too large for most types of armour.
You have claws for hands.
Your natural rate of healing is unusually fast.
You are covered in fur. (AC +1)
You have tough skin. (AC +1)


Message History

The deep elf pyromancer blinks!
You shake off some of the fire as you move.
The liquid fire burns you!
You shake off the liquid fire.
The deep elf pyromancer points at you and mumbles some strange words.
The pyre arrow hits you.
You are covered in intense liquid fire!
You scratch the deep elf pyromancer.
The deep elf pyromancer is lightly wounded.
The liquid fire burns you! The deep elf pyromancer misses you.
You scratch the deep elf pyromancer.
The deep elf pyromancer is moderately wounded.
The liquid fire burns you!
The deep elf pyromancer casts a spell at you.
The pyre arrow hits you.
You are even more covered in intense liquid fire!
You scratch the deep elf pyromancer.
The deep elf pyromancer is moderately wounded.
The liquid fire burns you!
You scratch the deep elf pyromancer.
The deep elf pyromancer is heavily wounded.
The liquid fire burns you!
* * * LOW HITPOINT WARNING * * *
The deep elf pyromancer casts a spell.
You scratch the deep elf pyromancer but do no damage.
The deep elf pyromancer is heavily wounded.
The liquid fire burns you!
* * * LOW HITPOINT WARNING * * *
The deep elf pyromancer casts a spell.
The fire elemental closely misses you.
You closely miss the deep elf pyromancer.
The deep elf pyromancer is heavily wounded.
The liquid fire burns you!
* * * LOW HITPOINT WARNING * * *
The deep elf pyromancer casts a spell at you.
The bolt of fire hits you!
* * * LOW HITPOINT WARNING * * *
The fire elemental hits you.
You die...

#....# #..# . #....#
#..# #....# #..# #....#
#..#+###..
#....######.........
#..........∩........
#...................
#...E...............
#☼EhE☼..............
.......e........#######.
.##+##..........#
#..........#
#..........#
#...$......#
#.........>..
#.............
#....#######..


You could see a deep elf pyromancer and 3 fire elementals.

Vanquished Creatures
  An orc high priest (Bailey)
  Joseph (D:7)
  Jeremiah (D:7)
  An orange demon (D:9)
  A kobold demonologist (Bailey)
  A water moccasin (D:5)
  3 sky beasts
  A black bear (D:7)
  12 orc warriors
  2 ogres
  3 centaurs
  A kobold brigand (D:8)
  3 bullfrogs
  2 scorpions
  2 water moccasin zombies (D:5)
  4 wights (D:4)
  6 killer bees (D:7)
  4 electric eels (Bailey)
  A howler monkey (D:7)
  A bombardier beetle (D:6)
  A bullfrog zombie (D:5)
  3 hounds
  Crazy Yiuf (D:2)
  A jelly (D:7)
  A sleepcap (D:6)
  4 iguanas
  6 orc wizards
  2 scorpion zombies (D:5)
  A killer bee zombie (D:5)
  3 gnolls (Bailey)
  9 adders
  2 white imps (D:7)
  An ufetubus (D:7)
  A ribbon worm (D:3)
  2 dart slugs
  33 orcs
  4 endoplasms
  A giant cockroach (D:2)
  14 goblins
  15 hobgoblins
  8 jackals
  6 kobolds
  4 quokkas
  9 ball pythons
  2 bats
  A frilled lizard (D:3)
  5 rats
191 creatures vanquished.

Notes
Turn   | Place    | Note
-------+----------+-------------------------------------------
     0 | D:1      | KittyFluff the Troll Shapeshifter began the quest for the
                  | Orb.
     0 | D:1      | Reached XP level 1. HP: 18/18 MP: 0/0
    23 | D:1      | Reached skill level 1 in Fighting
   177 | D:1      | Reached XP level 2. HP: 27/27 MP: 1/1
   221 | D:1      | Found a faded altar of an unknown god.
   408 | D:2      | Reached XP level 3. HP: 33/33 MP: 2/2
   559 | D:2      | Found a runed translucent door.
   560 | D:2      | Noticed Crazy Yiuf
   569 | D:2      | Killed Crazy Yiuf
   700 | D:2      | You fall into a shaft and drop 2 floors!
   737 | D:4      | Reached XP level 4. HP: 39/42 MP: 3/3
   745 | D:3      | Found a snail-covered altar of Cheibriados.
   812 | D:3      | Reached XP level 5. HP: 28/49 MP: 4/4
   883 | D:3      | Noticed a centaur
   891 | D:3      | Killed a centaur
   892 | D:3      | Reached skill level 4 in Unarmed Combat
   984 | D:3      | Found a shimmering blue altar of Sif Muna.
  1627 | D:3      | Found Edieh's Weapon Emporium.
  1771 | D:4      | Reached XP level 6. HP: 50/59 MP: 5/5
  1945 | D:4      | Found an iron altar of Okawaru.
  2028 | D:4      | Reached XP level 7. HP: 58/67 MP: 6/6
  2222 | D:4      | Found a glowing silver altar of Zin.
  2229 | D:4      | Found a transporter.
  2238 | D:4      | Found a transporter.
  2506 | D:5      | Entered Level 5 of the Dungeon
  2553 | D:5      | Reached skill level 5 in Unarmed Combat
  2894 | D:5      | Reached skill level 5 in Shapeshifting
  2920 | D:5      | Found a basalt altar of Yredelemnul.
  3015 | D:5      | Reached XP level 8. HP: 67/78 MP: 7/7
  3221 | D:6      | Identified the +1 trident of Origy {freeze, Fly}
  3264 | D:6      | Reached skill level 6 in Unarmed Combat
  3269 | D:6      | Found a staircase to the Ecumenical Temple.
  3279 | Temple   | Entered the Ecumenical Temple
  3319 | Temple   | Became a worshipper of Trog the Wrathful
  3501 | D:6      | Found an ancient bone altar of Kikubaaqudgha.
  3506 | D:6      | Found a white marble altar of Elyvilon.
  3659 | D:7      | Reached skill level 5 in Dodging
  3779 | D:7      | Found a radiant altar of Vehumet.
  3869 | D:7      | Found Fyejett's Self-Improvement Boutique.
  3891 | D:7      | Found a white marble altar of Elyvilon.
  3904 | D:7      | Reached XP level 9. HP: 68/87 MP: 8/8
  3966 | D:7      | Noticed Jeremiah
  3981 | D:7      | Killed Jeremiah
  3982 | D:7      | Reached skill level 5 in Fighting
  4160 | D:7      | Reached skill level 7 in Unarmed Combat
  4167 | D:7      | Reached * piety under Trog
  4322 | D:7      | Noticed Joseph
  4355 | D:7      | Killed Joseph
  4550 | D:8      | Found a flagged portal.
  4567 | Bailey   | Entered a bailey
  4814 | Bailey   | Noticed a kobold demonologist
  5050 | Bailey   | Reached ** piety under Trog
  5120 | Bailey   | Killed a kobold demonologist
  5121 | Bailey   | Reached XP level 10. HP: 92/98 MP: 9/9
  5176 | Bailey   | Reached skill level 8 in Unarmed Combat
  5226 | Bailey   | Found an iron altar of Okawaru.
  5264 | Bailey   | Noticed an orc high priest
  5269 | Bailey   | Killed an orc high priest
  5277 | Bailey   | Identified the +0 robe "Pecal" {Dex+2}
  5869 | D:8      | Found a sparkling altar of Nemelex Xobeh.
  6244 | D:9      | Noticed an orange demon
  6253 | D:9      | Killed an orange demon
  6266 | D:9      | Found Haod's Book Shop.
  6275 | D:9      | Noticed a deep elf pyromancer
  6293 | D:9      | HP: 1/100 [deep elf pyromancer/bolt of fire (11)]
  6293 | D:9      | Slain by a fire elemental

Illustrated notes

Levels and vault maps discovered:
D:1:      lightli_arrival_maybe_door_vault, layout_rooms,
          shapermc_ecumenical_altar_starsandcircs, minivault_25
D:2:      layout_loops_cross, uniq_crazy_yiuf_cottage
D:3:      layout_rooms, hellmonk_sif_muna_bookshelves, lemuel_doored_altar,
          serial_shops, nicolae_shop_just_a_little_nook
D:4:      layout_loops_cross, gammafunk_temple_overflow_arena,
          mainiacjoe_overflow_chevrons, chequers_jeans, minmay_door_square,
          chequers_mini_garden, serial_park_tiny_pond
D:5:      layout_loops_ring, nicolae_yredelemnul_corpse_copse
D:6:      layout_rooms, mainiacjoe_overflow_big_doors, temple_hall
D:7:      layout_basic, hangedman_feature_mirror, nicolae_shop_self_help,
          uniq_joseph, uniq_jeremiah
D:8:      layout_basic, kennysheep_little_box, enter_bailey_5,
          serial_library_hellmonk_double_dead_end,
          serial_library_hellmonk_big_corner, kennysheep_minor_cross
D:9:      minmay_the_grid_octo_triangle [minmay_the_grid_octo_tetromino_candy,
          minmay_the_grid_octo_prize_ultimate_mussel_roller,
          minmay_the_grid_octo_focus], layout_irregular_city, serial_demonic,
          serial_demonic_e, serial_demonic_g, serial_demonic_a,
          serial_demonic_d, serial_shops, shop, shop, shop, shop,
          nicolae_shop_behind_doors
Temple:   nicolae_temple_god_jail

Skill      XL: |  1  2  3  4  5  6  7  8  9 10 |
---------------+-------------------------------+-----
Fighting       | 1 2 3 4 6 |  6.5
Dodging        | 2 3 4 5 6 |  6.8
Unarmed Combat | 4 5 6 7 8 |  8.5
Shapeshifting  | 4 5 6 7 |  7.8

Action                     |  1- 3 |  4- 6 |  7- 9 | 10-12 || total
---------------------------+-------+-------+-------+-------++-------
  Melee: Unarmed           |    73 |   102 |   233 |    97 ||   505
         Punch             |     1 |     2 |    15 |     3 ||    21
         Trident           |       |       |    51 |       ||    51
  Throw: Stone             |       |       |     9 |       ||     9
    Use: Scroll            |       |       |    11 |     3 ||    14
         Potion            |       |       |     1 |       ||     1
 Armour: Animal skin       |    38 |    82 |   183 |    14 ||   317
         Skin              |       |       |    10 |       ||    10
         Robe              |       |       |       |    31 ||    31
  Dodge: Dodged            |    27 |    51 |   126 |    44 ||   248
